 Dungeon Crawl Stone Soup version 0.27-a0-720-g3f424a255b (webtiles) character file.

Game seed: 6826702108661699418

4158 Johnny the Carver (level 10, -2/102 HPs)
             Began as a Troll Berserker on Mar 23, 2021.
             Was an Elder of Trog.
             Slain by a killer bee (7 damage)
             ... on level 8 of the Dungeon.
             The game lasted 00:07:43 (5477 turns).

Johnny the Carver (Troll Berserker)                 Turns: 5477, Time: 00:07:43

Health: -2/102     AC:  4    Str: 28 (30) XL:     10   Next: 7%
Magic:  0/9        EV: 13    Int:  2 (3)  God:    Trog [****..]
Gold:   440        SH:  0    Dex:  6 (9)  Spells: 9/9 levels left

rFire    . . .     SeeInvis +   A - +5 short sword (venom)
rCold    . . .     Faith    .   (no shield)
rNeg     . . .     Spirit   +   b - +0 animal skin
rPois    .         Reflect  .   (helmet restricted)
rElec    .         Harm     .   (no cloak)
rCorr    .         Rampage  .   (gloves unavailable)
Will     ++...                  (boots unavailable)
Stlth    +.........             G - amulet of guardian spirit
HPRegen  2.27/turn              j - +4 ring of evasion
MPRegen  0.11/turn              l - ring of see invisible

@: mighty, brilliant, berserk cooldown, regenerating, slowed, very slow
A: large, unfitting armour, claws 3, regeneration 1, shaggy fur 1, tough skin 1
a: Renounce Religion, Berserk, Trog's Hand, Brothers in Arms


You were on level 8 of the Dungeon.
You worshipped Trog.
Trog was greatly pleased with you.
You visited 1 branch of the dungeon, and saw 8 of its levels.

You collected 440 gold pieces.

Inventory:

Hand Weapons
 a - a +0 falchion
 z - the +5 war axe "Zazysaak" {vorpal, rPois rC+}
   (You found it on level 5 of the Dungeon)

   It inflicts extra damage upon your enemies.
   It protects you from cold.
   It protects you from poison.
 A - a +5 short sword of venom (weapon)
Missiles
 r - 3 large rocks
Armour
 b - a +0 animal skin (worn)
Jewellery
 j - a +4 ring of evasion (right claw)
 l - a ring of see invisible (left claw)
 q - a ring of willpower
 B - a ring of ice
 G - an amulet of guardian spirit (around neck)
Wands
 s - a wand of digging (4)
 C - a wand of mindburst (7)
Scrolls
 c - a scroll of vulnerability
 d - a scroll of teleportation
 f - a scroll of amnesia
 i - 2 scrolls of blinking {unknown}
 o - a scroll of torment {unknown}
 p - 3 scrolls of random uselessness {unknown}
 t - a scroll of noise {unknown}
 u - 2 scrolls of enchant weapon {unknown}
 w - a scroll of magic mapping {unknown}
 y - a scroll of fog {unknown}
 D - a scroll of holy word {unknown}
Potions
 e - 2 potions of berserk rage
 x - 2 potions of flight


   Skills:
 + Level 7.5 Fighting
 * Level 10.3 Long Blades
 - Level 2.4 Dodging


You had 9 spell levels left.
You didn't know any spells.
Your spell library contained the following spells:

 Spells                   Type           Power      Damage    Failure   Level
 Animate Skeleton         Necr           0%         N/A       54%         1
 Apportation              Tloc           0%         N/A       54%         1
 Beastly Appendage        Tmut           0%         N/A       54%         1
 Corona                   Hex            0%         N/A       54%         1
 Summon Small Mammal      Summ           0%         N/A       54%         1
 Wereblood                Tmut           0%         N/A       69%         2
 Confusing Touch          Hex            0%         N/A       89%         3
 Gell's Gravitas          Tloc           0%         N/A       89%         3
 Spider Form              Tmut/Pois      0%         N/A       89%         3
 Ice Form                 Ice/Tmut       0%         N/A       100%        4
 Petrify                  Tmut/Erth      0%         N/A       100%        4
 Blade Hands              Tmut           0%         N/A       100%        5
 Metabolic Englaciation   Hex/Ice        0%         N/A       100%        5
 Yara's Violent Unravell  Hex/Tmut       0%         3d3       100%        5


Dungeon Overview and Level Annotations

Branches:
Dungeon (8/15)             Temple (0/1) D:7
   Lair: D:8-11

Altars:
Ashenzari
Dithmenos
Hepliaklqana
Ru
Sif Muna
Uskayaw
Xom
Yredelemnul
Zin
The Shining One

Shops:
D:3 (   D:7 (


Innate Abilities, Weirdness & Mutations

You are too large for most types of armour.
You have claws for hands.
Your natural rate of healing is unusually fast.
You are covered in fur. (AC +1)
You have tough skin. (AC +1)


Message History

The orc priest casts a cantrip, but nothing happens.
The killer bee misses you.
It was a potion of curing.
You feel better.
You hear the hiss of a distant avalanche of sand.
You feel the effects of Trog's Hand fading.
The killer bee stings you but does no damage.
The killer bee stings you.
* * * LOW HITPOINT WARNING * * *
The orc priest misses you. The killer bee barely misses you.
The orc priest closely misses you.
Okay, then.
Okay, then.
It was a potion of might.
You feel very mighty all of a sudden.
The killer bee barely misses you. x2; The orc priest barely misses you.
The killer bee misses you.
It was a potion of brilliance.
You feel clever all of a sudden.
The killer bee closely misses you. x2; The orc priest hits you with a +0 mace.
* * * LOW HITPOINT WARNING * * *
The killer bee closely misses you.
The orc priest mumbles some strange prayers to Beogh against you.
Beogh smites you!
* * * LOW HITPOINT WARNING * * *
You puncture the orc priest!
You kill the orc priest!
Trog accepts your kill. The killer bee closely misses you.
The killer bee misses you. The killer bee stings you.
* * * LOW HITPOINT WARNING * * *
The killer bee stings you.
* * * LOW HITPOINT WARNING * * *
Unknown command.
Okay, then.
Okay, then.
Your skin crawls.
You feel strong-willed. The killer bee completely misses you.
The killer bee misses you. x2
The killer bee stings you!
You die...

#..#..# #.....#
#....# ##..##....#
......y...## #####
###.####†).#
##.>.### ##..#
#......# ##
##y..###...[..###.
#@y.###..#........
###......#........
#...........##..
#............#..
#.........).....
#.#.............
#.##............
....##...#......
.## .#...........


You could see 2 killer bees.

Vanquished Creatures
  A two-headed ogre (D:8)
  Pikel (D:5)
  Psyche (D:8)
  A wraith (D:7)
  2 ice beasts
  An orc warrior (D:6)
  4 sky beasts
  An ogre (D:6)
  A lemure (D:5)
  A kobold brigand (D:7)
  5 bullfrogs
  A scorpion (D:6)
  A water moccasin skeleton (D:6)
  7 killer bees
  5 wights (D:6)
  2 howler monkeys (D:4)
  A hound (D:4)
  3 orc priests
  A gnoll shaman (D:8)
  Terence (D:2)
  4 iguanas
  7 orc wizards
  4 worker ants
  2 hound skeletons
  A worker ant zombie (D:7)
  A howler monkey skeleton (D:4)
  8 adders
  4 gnolls (D:8)
  A shadow imp (D:5)
  2 white imps (D:5)
  An adder skeleton (D:7)
  8 worms
  2 dart slugs
  18 orcs
  8 ball pythons
  5 giant cockroaches
  7 hobgoblins
  11 jackals
  10 kobolds
  8 oozes
  7 quokkas
  8 bats
  A frilled lizard (D:3)
  4 goblins
  3 rats
176 creatures vanquished.

Vanquished Creatures (others)
  10 plants (D:5)
10 creatures vanquished.

Grand Total: 186 creatures vanquished

Notes
Turn   | Place    | Note
-------+----------+-------------------------------------------
     0 | D:1      | Johnny the Troll Berserker began the quest for the Orb.
     0 | D:1      | Reached XP level 1. HP: 22/22 MP: 0/0
   431 | D:1      | Reached XP level 2. HP: 29/29 MP: 1/1
   569 | D:1      | Found a broken altar of Ashenzari.
   673 | D:1      | Reached skill level 3 in Long Blades
  1034 | D:2      | Found a hide-covered altar of Uskayaw.
  1046 | D:2      | Reached XP level 3. HP: 32/36 MP: 2/2
  1141 | D:2      | Reached ** piety under Trog
  1212 | D:2      | Found a shimmering blue altar of Sif Muna.
  1245 | D:2      | Noticed Terence
  1271 | D:2      | Killed Terence
  1302 | D:2      | Reached XP level 4. HP: 28/45 MP: 3/3
  1728 | D:3      | Reached skill level 4 in Long Blades
  1905 | D:3      | Found Maitual's Weapon Shop.
  1963 | D:3      | Reached XP level 5. HP: 53/53 MP: 4/4
  2049 | D:3      | Found a basalt altar of Yredelemnul.
  2146 | D:3      | Reached *** piety under Trog
  2427 | D:4      | Reached XP level 6. HP: 49/62 MP: 5/5
  2530 | D:4      | Found a shimmering altar of Xom.
  2549 | D:4      | Reached skill level 5 in Long Blades
  3031 | D:5      | Entered Level 5 of the Dungeon
  3056 | D:5      | Reached XP level 7. HP: 52/70 MP: 6/6
  3164 | D:5      | Reached **** piety under Trog
  3188 | D:5      | Noticed Pikel
  3241 | D:5      | Killed Pikel
  3242 | D:5      | Reached skill level 5 in Fighting
  3242 | D:5      | Reached skill level 7 in Long Blades
  3242 | D:5      | Reached XP level 8. HP: 67/80 MP: 7/7
  3384 | D:5      | Found a glowing golden altar of the Shining One.
  3763 | D:5      | Identified the +5 war axe "Zazysaak" {vorpal, rPois rC+}
  3971 | D:6      | Found a shimmering altar of Xom.
  4082 | D:6      | Reached skill level 8 in Long Blades
  4217 | D:6      | Reached XP level 9. HP: 85/85 MP: 8/8
  4307 | D:6      | Found a glowing silver altar of Zin.
  4367 | D:6      | Found a hazy altar of Hepliaklqana.
  4368 | D:6      | Found a sacrificial altar of Ru.
  4378 | D:6      | Found a shadowy altar of Dithmenos.
  4611 | D:7      | Reached skill level 9 in Long Blades
  4726 | D:7      | Found a staircase to the Ecumenical Temple.
  4942 | D:7      | Found Qacuaqei's Weapon Emporium.
  4984 | D:7      | Identified the +0 leather armour of Death Resistance {-Cast
                  | rF+ Str+6}
  5140 | D:8      | Reached ***** piety under Trog
  5182 | D:8      | Noticed Psyche
  5225 | D:8      | Killed Psyche
  5449 | D:8      | Noticed a two-headed ogre
  5462 | D:8      | Reached skill level 10 in Long Blades
  5462 | D:8      | Killed a two-headed ogre
  5463 | D:8      | Reached XP level 10. HP: 73/102 MP: 2/9
  5476 | D:8      | HP: 5/102 [killer bee (5)]
  5476 | D:8      | HP: 2/102 [killer bee (3)]
  5477 | D:8      | Slain by a killer bee

Illustrated notes

Levels and vault maps discovered:
D:1:      amcnicky_arrival_double_pillar, layout_basic, ashenzari_altar_1
D:2:      layout_loops_ring, lemuel_doored_altar, led_sif_pool, uniq_terence
D:3:      layout_basic, general_overflow_altar, serial_shops, nicolae_shop_trees
D:4:      layout_gridville, nicolae_overflow_crystal_walls
D:5:      layout_basic, basic_altar, serial_bayou_lagoon_a, uniq_pikel
D:6:      layout_loops_ring, nicolae_overflow_quartered_altars, tgw_xom
D:7:      layout_cave_pools, minmay_temple_entry_steel_oval, serial_shops,
          kennysheep_mini
D:8:      nzn_winding_woodlands_large [nzn_winding_woodlands_5x5_checkerboard,
          nzn_winding_woodlands_5x15_sidewinder,
          nzn_winding_woodlands_5x5_default, nzn_winding_woodlands_center_lodge,
          nzn_winding_woodlands_15x15_eel_pit,
          nzn_winding_woodlands_center_diamonds,
          nzn_winding_woodlands_hourglass,
          nzn_winding_woodlands_5x15_concentric,
          nzn_winding_woodlands_5x5_default], layout_cave_pools,
          nicolae_ossuary_entry_false_entrances, uniq_harold, uniq_psyche,
          uniq_maurice, uniq_prince_ribbit1

Skill      XL: |  1  2  3  4  5  6  7  8  9 |
---------------+----------------------------+-----
Long Blades    | 3 4 5 7 8 10 | 10.3
Fighting       | 3 4 5 6 7 |  7.5
Dodging        | |  2.4

Action                   |  1- 3 |  4- 6 |  7- 9 | 10-12 || total
-------------------------+-------+-------+-------+-------++-------
Melee: Falchion          |    97 |   257 |   147 |       ||   501
       Short sword       |       |       |   180 |     5 ||   185
Invok: Berserk           |     1 |     4 |     9 |       ||    14
       Trog's Hand       |     1 |       |     2 |     2 ||     5
       Brothers in Arms  |       |       |     1 |       ||     1
Evoke: Wand              |       |       |    17 |     2 ||    19
  Use: Scroll            |       |       |     8 |       ||     8
       Potion            |       |       |     1 |     4 ||     5
 Stab: Sleeping          |     1 |       |       |       ||     1
Armor: Animal skin       |    29 |    38 |    45 |     1 ||   113
Dodge: Dodged            |    44 |   165 |   266 |    24 ||   499
       Rpst.: Falchion   |    15 |    52 |    25 |       ||    92

Table legend: (Time is in decaauts)
 A = Elapsed time spent in this place.
 B = Non-inter-level travel time spent in this place.
 C = Inter-level travel time spent in this place.
 D = Time resting spent in this place.
 E = Time spent auto-exploring this place.
 F = Levels seen in this place.
 G = Mean time per level.
                   A        B        C        D        E       F      G
               +--------+--------+--------+--------+--------+-----+--------+
         Total |   5599 |   5425 |    174 |    253 |   3860 |   8 |  699.9 |
       Dungeon |   5599 |   5425 |    174 |    253 |   3860 |   8 |  699.9 |
               +--------+--------+--------+--------+--------+-----+--------+

Top non-repeatable levels by time:
     D:1: 948 daAuts
     D:6: 828 daAuts
     D:2: 782 daAuts
     D:5: 781 daAuts
     D:4: 690 daAuts
     D:3: 680 daAuts
     D:7: 666 daAuts
     D:8: 221 daAuts
